 Dungeon Crawl Stone Soup version 0.24.0-29-g8ce449bc06 (webtiles) character file.

Game seed: 15815997244210457984, levelgen mode: deterministic

17598 FishyPogo the Fighter (level 12, -11/130 HPs)
             Began as a Troll Monk on Nov 16, 2019.
             Was a High Priest of Qazlal.
             Mangled by an orc knight
             ... wielding a +2 dire flail of protection
              (20 damage)
             ... on level 1 of the Orcish Mines.
             The game lasted 01:00:30 (10483 turns).

FishyPogo the Fighter (Troll Monk)                 Turns: 10483, Time: 01:00:30

Health: -11/130    AC:  9    Str: 24    XL:     12   Next: 20%
Magic:  34/34      EV: 19    Int: 13    God:    Qazlal [*****.]
Gold:   886        SH:  7    Dex: 18    Spells: 9/11 levels left

rFire    + . .     SeeInvis .     - Unarmed
rCold    + . .     Gourm    +   (no shield)
rNeg     + . .     Faith    .   y - +0 robe of Gozag's Righteous Fury {rF+ rC+ MR+ Stlth+}
rPois    .         Spirit   .   J - +3 hat of Pondering {ponderous, MR+ MP+10 Int+5}
rElec    .         Reflect  .   (no cloak)
rCorr    .         Harm     .   (gloves unavailable)
MR       ++...     NoTele   +   (boots unavailable)
Stlth    +.........             (no amulet)
HPRegen  0.71/turn              K - +4 ring of evasion
MPRegen  0.24/turn              q - ring of the Empty Page {-Tele rN+ MP+9 Int+2 Dex+4}

@: repel missiles, slow
A: large, unfitting armour, claws 3, fast metabolism 3, gourmand, regeneration
1, shaggy fur 1, tough skin 3
a: Upheaval, Elemental Force, Disaster Area, Renounce Religion


You were on level 1 of the Orcish Mines.
You worshipped Qazlal.
Qazlal was extremely pleased with you.
You were completely stuffed.

You visited 2 branches of the dungeon, and saw 14 of its levels.
You also visited: Ossuary.

You collected 923 gold pieces.
You spent 37 gold pieces at shops.

Inventory:

Hand Weapons
 O - a cursed +3 trident of freezing
Missiles
 c - 310 stones
 j - 53 poisoned darts
 m - 13 boomerangs
 A - 3 throwing nets
 M - 6 large rocks (quivered)
Armour
 p - a +0 cloak
 v - a +2 robe of magic resistance
 y - the +0 robe of Gozag's Righteous Fury (worn) {rF+ rC+ MR+ Stlth+}
   (You found it on level 6 of the Dungeon)

   It protects you from fire.
   It protects you from cold.
   It affects your resistance to hostile enchantments.
   It makes you more stealthy.
 J - the +3 hat of Pondering (worn) {ponderous, MR+ MP+10 Int+5}
   (You took it off Gastronok on level 9 of the Dungeon)

   It affects your intelligence (+5).
   It affects your resistance to hostile enchantments.
   It affects your magic capacity (+10).
Jewellery
 e - an uncursed ring of wizardry
 q - the ring of the Empty Page (right claw) {-Tele rN+ MP+9 Int+2 Dex+4}
   (You acquired it on level 12 of the Dungeon)

   [ring of magical power]

   It affects your intelligence (+2).
   It affects your dexterity (+4).
   It protects you from negative energy.
   It affects your magic capacity (+9).
   It prevents most forms of teleportation.
 x - a +2 ring of dexterity
 B - an uncursed ring of fire
 F - a +4 ring of intelligence
 K - a +4 ring of evasion (left claw)
Wands
 s - a wand of flame (19)
 G - a wand of polymorph (13)
 I - a wand of acid (13)
 P - a wand of iceblast (7)
Scrolls
 d - 13 scrolls of identify
 g - 9 scrolls of teleportation
 h - 7 scrolls of remove curse
 i - 4 scrolls of amnesia {unknown}
 n - 2 scrolls of enchant armour {unknown}
 r - a scroll of enchant weapon {unknown}
 t - 2 scrolls of fear {unknown}
 w - 4 scrolls of random uselessness {unknown}
 z - 2 scrolls of fog {unknown}
 E - 2 scrolls of magic mapping
 N - 2 scrolls of blinking {unknown}
Potions
 a - 2 potions of brilliance {unknown}
 f - 5 potions of lignification
 k - a potion of flight {unknown}
 l - a potion of magic
 o - a potion of might {unknown}
 u - 2 potions of mutation {unknown}
 C - 9 potions of curing
 H - 5 potions of haste
Comestibles
 b - 25 rations
 D - 15 chunks of flesh


   Skills:
 * Level 11.0 Fighting
 + Level 5.7 Throwing
 + Level 7.9 Dodging
 - Level 1.0 Stealth
 - Level 9.0 Unarmed Combat
 * Level 6.4 Invocations
 + Level 2.0 Evocations


You had 9 spell levels left.
You knew the following spells:

 Your Spells              Type           Power        Failure   Level  Hunger
u - Confusing Touch       Hex            #.....       30%         1    ##.....
y - Animate Skeleton      Necr           N/A          30%         1    ##.....

Your spell library contained the following spells:

 Spells                   Type           Power        Failure   Level  Hunger
 Apportation              Tloc           #.....       30%         1    ##.....
 Flame Tongue             Conj/Fire      #....        30%         1    ##.....
 Magic Dart               Conj           #...         30%         1    ##.....
 Summon Small Mammal      Summ           #...         30%         1    ##.....
 Searing Ray              Conj           #.....       43%         2    ###....
 Throw Flame              Conj/Fire      #.....       43%         2    ###....
 Conjure Flame            Conj/Fire      #.......     67%         3    ####...
 Dazzling Spray           Conj/Hex       #.....       67%         3    ####...
 Inner Flame              Hex/Fire       #.......     67%         3    ####...
 Force Lance              Conj/Tloc      #.......     97%         4    #####..
 Fulminant Prism          Conj/Hex       #.........   97%         4    #####..
 Iskenderun's Mystic Bla  Conj           #.......     97%         4    #####..
 Sticky Flame             Conj/Fire      #.......     97%         4    #####..
 Fireball                 Conj/Fire      #.........   100%        5    ######.
 Irradiate                Conj/Tmut      #.........   100%        5    ######.
 Hydra Form               Tmut           #.........   100%        6    #######
 Statue Form              Tmut/Erth      #........    100%        6    #######
 Dragon Form              Tmut           #.........   100%        7    #######


Dungeon Overview and Level Annotations

Branches:
Dungeon (12/15)            Temple (0/1) D:6            Lair (0/6) D:9
    Orc (2/2) D:10        Ossuary (visited)
    Elf: Orc:2

Altars:
Dithmenos
Kikubaaqudgha
Qazlal
Uskayaw
Xom
Beogh

Shops:
D:5 :   D:8 =:!*!   D:10 [

Annotations:
D:7 2 transporters, pantherbaby's ghost, novice BaFi
Orc:2 Erolcha


Innate Abilities, Weirdness & Mutations

You are too large for most types of armour.
You have claws for hands.
Your metabolism is lightning-fast.
You like to eat raw meat.
Your natural rate of healing is unusually fast.
You are covered in fur. (AC +1)
You have extremely tough skin. (AC +3)


Message History

The orc knight is moderately wounded.
The orc knight hits you with a +2 dire flail of protection!!
* * * LOW HITPOINT WARNING * * *
You claw the orc knight!
The orc knight is heavily wounded.
The orc knight misses you.
You barely miss the orc knight. Your claw misses the orc knight.
The orc knight is heavily wounded.
The orc knight closely misses you.
You claw the orc knight!
The orc knight is severely wounded.
Your protection from electricity is fading.
You scratch the orc knight.
The orc knight is severely wounded.
The orc knight hits you with a +2 dire flail of protection!!
* * * LOW HITPOINT WARNING * * *
Okay, then.
You feel less protected from electricity.
The orc knight hits you with a +2 dire flail of protection!!
You die...

###...###....#.##
#...##.......###
#...###.#......##
#....##.........#
##..............#
##............##
##............#
#........>.○.#
#####....#.....@##
##.##.....#...☼.§o#
#........#.....§..#
##.......##.....°##
####......##....##
.##.......#....#.##
..................#
...........[......#
............>)[...#


You could see an orc knight.

Vanquished Creatures
  Gastronok (D:9)
  Harold (D:7)
  3 two-headed ogres
  Pikel (D:5)
  2 orc knights
  A manticore (D:11)
  2 cyclopes
  Maurice (D:8)
  3 trolls
  6 slime creatures (D:12)
  A hippogriff (D:7)
  A wyvern (D:11)
  A soldier ant (D:11)
  2 wargs (Orc:1)
  19 orc warriors
  2 ice beasts
  A black bear (D:7)
  5 sky beasts
  3 slaves (D:5)
  2 phantoms (D:10)
  5 ogres
  3 centaurs
  3 big kobolds
  7 bullfrogs
  A gnoll sergeant (D:10)
  3 water moccasin zombies (Ossuary)
  A wyvern skeleton (D:11)
  2 scorpions
  7 killer bees
  3 wights (D:11)
  7 howler monkeys
  3 bullfrog zombies
  4 crimson imps
  4 hounds
  A quasit (D:10)
  5 bullfrog skeletons
  2 centaur zombies
  7 orc priests
  4 jellies
  2 centaur skeletons
  2 iguanas
  13 worker ants
  19 orc wizards
  2 big kobold zombies (Ossuary)
  A hound skeleton (D:10)
  2 mummies (Ossuary)
  7 gnolls
  11 adders
  2 shadow imps
  5 oozes
  6 adder zombies
  An adder skeleton (D:6)
  4 worms
  2 dart slugs (D:1)
  5 leopard geckos
  69 orcs
  2 ball pythons
  5 bats
  2 giant cockroaches
  2 goblins
  9 hobgoblins
  10 jackals
  19 kobolds
  6 quokkas
  5 frilled lizards
  5 gnoll zombies (Ossuary)
  5 hobgoblin zombies (Ossuary)
  4 kobold zombies (Ossuary)
  2 leopard gecko skeletons
  6 orc zombies (Ossuary)
  6 rats
371 creatures vanquished.

Vanquished Creatures (collateral kills)
  A two-headed ogre (D:10)
  A sky beast (D:10)
  2 orc warriors (Orc:1)
  A big kobold (D:12)
  An orc wizard (D:7)
  5 orcs
  A quokka (D:10)
  2 kobolds
14 creatures vanquished.

Vanquished Creatures (others)
  A slave (D:5)
  An orc wizard (D:6)
  A worker ant (D:5)
  A worker ant zombie (D:11)
  3 orcs
  A jackal (D:5)
8 creatures vanquished.

Grand Total: 393 creatures vanquished

Notes
Turn   | Place    | Note
-------+----------+-------------------------------------------
     0 | D:1      | FishyPogo the Troll Monk began the quest for the Orb.
     0 | D:1      | Reached XP level 1. HP: 22/22 MP: 0/0
   101 | D:1      | Reached XP level 2. HP: 29/29 MP: 1/1
   248 | D:2      | Found a shadowy altar of Dithmenos.
   422 | D:2      | Reached XP level 3. HP: 36/36 MP: 2/2
   592 | D:1      | Reached skill level 3 in Fighting
   592 | D:1      | Reached skill level 1 in Throwing
   819 | D:4      | Found an ancient bone altar of Kikubaaqudgha.
   886 | D:4      | Reached XP level 4. HP: 26/45 MP: 3/3
  1212 | D:5      | Entered Level 5 of the Dungeon
  1217 | D:5      | Found Ijaox's Book Boutique.
  1231 | D:5      | Reached XP level 5. HP: 53/53 MP: 4/4
  1269 | D:5      | Noticed an ice beast
  1338 | D:5      | Noticed a centaur
  1354 | D:5      | Killed a centaur
  1354 | D:5      | Reached skill level 4 in Fighting
  1376 | D:5      | Got a twisted leather armour
  1439 | D:5      | Noticed a slave
  1439 | D:5      | Noticed a slave
  1439 | D:5      | Noticed Pikel
  1440 | D:5      | Noticed a slave
  1441 | D:5      | Noticed a slave
  1650 | D:5      | Found a sand-covered staircase.
  1658 | D:5      | Reached XP level 6. HP: 59/62 MP: 5/5
  1672 | Ossuary  | Entered an ossuary
  1851 | Ossuary  | Reached XP level 7. HP: 71/71 MP: 6/6
  1965 | D:5      | Found a stormy altar of Qazlal.
  1969 | D:5      | Became a worshipper of Qazlal Stormbringer
  1969 | D:5      | Reached * piety under Qazlal
  1969 | D:5      | Reached ** piety under Qazlal
  2267 | D:5      | Killed Pikel
  2267 | D:5      | Reached skill level 5 in Fighting
  2267 | D:5      | Reached skill level 5 in Unarmed Combat
  2267 | D:5      | Reached XP level 8. HP: 34/83 MP: 3/7
  2561 | D:5      | Reached skill level 6 in Fighting
  2751 | D:4      | Learned a level 1 spell: Animate Skeleton
  4244 | D:6      | Got a heavily jewelled robe
  4302 | D:6      | Identified the +0 robe of Gozag's Righteous Fury {rF+ rC+
                  | MR+ Stlth+} (You found it on level 6 of the Dungeon)
  4340 | D:6      | Found a staircase to the Ecumenical Temple.
  4437 | D:6      | Found a runed translucent door.
  4530 | D:6      | Reached skill level 7 in Fighting
  4546 | D:6      | Reached skill level 5 in Dodging
  4566 | D:6      | Reached XP level 9. HP: 39/93 MP: 8/8
  4720 | D:6      | Reached *** piety under Qazlal
  4823 | D:6      | Found a roughly hewn altar of Beogh.
  5316 | D:7      | Noticed Harold
  5345 | D:7      | Killed Harold
  5345 | D:7      | Reached skill level 8 in Fighting
  5683 | D:7      | Found a transporter.
  5687 | D:7      | Noticed pantherbaby's ghost (novice BaFi)
  5744 | D:7      | Reached **** piety under Qazlal
  5776 | D:7      | Found a transporter.
  6052 | D:8      | Found Rugh's Book Boutique.
  6052 | D:8      | Noticed Maurice
  6079 | D:8      | Reached XP level 10. HP: 91/106 MP: 7/9
  6113 | D:7      | Reached skill level 9 in Fighting
  6282 | D:8      | Killed Maurice
  6552 | D:8      | Found Petunt's Jewellery Boutique.
  6585 | D:8      | Found Felihoula's General Store.
  6593 | D:8      | Bought a scroll of identify for 24 gold pieces
  6659 | D:8      | Found Nuaquedgh's Distillery.
  6667 | D:8      | Bought a potion of degeneration for 13 gold pieces
  6828 | D:8      | Found Ceimm's Distillery.
  6888 | D:9      | Noticed Gastronok
  7009 | D:9      | Learned a level 1 spell: Confusing Touch
  7020 | D:9      | Found a hide-covered altar of Uskayaw.
  7051 | D:9      | Reached skill level 1 in Invocations
  7088 | D:9      | Reached ***** piety under Qazlal
  7099 | D:9      | Killed Gastronok
  7217 | D:9      | Found a shimmering altar of Xom.
  7301 | D:9      | Found a staircase to the Lair.
  7616 | D:9      | Reached XP level 11. HP: 117/117 MP: 12/12
  7751 | D:10     | Entered Level 10 of the Dungeon
  7853 | D:10     | Found a staircase to the Orcish Mines.
  7862 | Orc:1    | Entered Level 1 of the Orcish Mines
  7929 | D:10     | Reached skill level 10 in Fighting
  8002 | D:10     | Noticed a two-headed ogre
  8010 | D:10     | Killed a two-headed ogre
  8202 | D:10     | Found Raetung's Antique Armour Boutique.
  8406 | D:11     | Noticed a two-headed ogre
  8413 | D:10     | Killed a two-headed ogre
  8432 | D:11     | Noticed a two-headed ogre
  8437 | D:10     | Killed a two-headed ogre
  8752 | D:11     | Reached skill level 5 in Invocations
  9089 | D:12     | Noticed a two-headed ogre
  9141 | D:12     | Reached skill level 5 in Throwing
  9147 | D:12     | Killed a two-headed ogre
  9368 | D:12     | Identified a scroll of acquirement
  9369 | D:12     | Got a glittering amber ring
  9373 | D:12     | Reached skill level 1 in Evocations
  9391 | D:12     | Identified the ring of the Empty Page {-Tele rN+ MP+9 Int+2
                  | Dex+4} (You acquired it on level 12 of the Dungeon)
  9773 | Orc:1    | Noticed an orc knight
  9811 | D:10     | HP: 1/119 [orc knight/+0 great mace (21)]
  9836 | D:10     | Killed an orc knight
  9836 | D:10     | Reached XP level 12. HP: 29/128 MP: 15/15
 10262 | Orc:2    | Entered Level 2 of the Orcish Mines
 10288 | Orc:2    | Noticed an orc warlord
 10288 | Orc:2    | Noticed an orc high priest
 10388 | Orc:1    | Reached skill level 11 in Fighting
 10434 | Orc:2    | Noticed Erolcha
 10478 | Orc:1    | HP: 5/130 [orc knight/+2 dire flail of protection (23)]
 10483 | Orc:1    | Mangled by an orc knight

Levels and vault maps discovered:
D:1:      saegor_arrival_simple_c, layout_basic, minmay_strange_pillars
D:2:      layout_basic, grunt_dithmenos_smoke
D:3:      layout_basic
D:4:      layout_basic, nicolae_overflow_crystal_walls
D:5:      layout_layer_cave, marbit_many_paths, cheibrodos_sewer_entry_bend,
          serial_shops, shop_fountains, first_ration,
          nicolae_ossuary_entry_false_entrances,
          hangedman_abyss_or_decor_jellyfish_corner, uniq_pikel
D:6:      layout_loops_corners, minmay_temple_entry_junction_2,
          lightli_church_of_beogh
D:7:      layout_loops_ring, gammafunk_ghost_stat_death, uniq_harold
D:8:      layout_cave_pools, serial_shops, shop_statue, shop_statue, shop,
          nicolae_shop_trees, nicolae_shop_crystal, uniq_maurice
D:9:      layout_gridville, eat_drink_and_be_merry_uskayaw, lair_entry_dummy,
          basic_altar, uniq_gastronok
D:10:     layout_roguey, orc_0_dummy, serial_shops, shop
D:11:     layout_rooms, grunt_ogre_cave
D:12:     layout_cave_pools
Orc:1:    layout_caves, nicolae_orc_bridge_out, uniq_erica
Orc:2:    grunt_orc_gardens, layout_caves, grunt_orc_garden, grunt_orc_garden,
          grunt_orc_garden, grunt_orc_garden, serial_shops, shop, shop,
          nicolae_shop_trees, shop, guppyfry_library_mini, uniq_erolcha

Skill      XL: |  1  2  3  4  5  6  7  8  9 10 11 12 |
---------------+-------------------------------------+-----
Fighting       | 3 4 5 7 8 9 10 11 | 11.0
Throwing       | 1 2 3 4 5 |  5.7
Dodging        | 3 4 5 6 7 |  7.9
Unarmed Combat | 4 5 6 7 8 9 |  9.0
Invocations    | 3 5 6 |  6.4
Evocations     | 1 2 |  2.0
Stealth        | |  1.0

Action                   |  1- 3 |  4- 6 |  7- 9 | 10-12 || total
-------------------------+-------+-------+-------+-------++-------
Melee: Unarmed           |    62 |   153 |   447 |   473 ||  1135
       Punch             |       |     5 |    13 |    20 ||    38
Throw: Stone             |       |     1 |    15 |       ||    16
       Dart              |       |       |    29 |    25 ||    54
       Boomerang         |       |       |    11 |    13 ||    24
       Large rock        |       |       |       |     4 ||     4
 Cast: Animate Skeleton  |       |       |    19 |    31 ||    50
Invok: Upheaval          |       |       |     2 |       ||     2
       Elemental Force   |       |       |       |     2 ||     2
       Disaster Area     |       |       |       |     1 ||     1
  Use: Scroll            |     1 |       |     3 |     1 ||     5
       Potion            |     1 |       |     8 |     2 ||    11
 Stab: Sleeping          |     2 |     1 |       |       ||     3
  Eat: Chunk             |    11 |     9 |    42 |    45 ||   107
Armor: Robe              |    18 |    48 |   111 |   104 ||   281
       Skin              |       |       |    14 |       ||    14
Dodge: Dodged            |    19 |    90 |   219 |   323 ||   651
       Deflected         |       |       |       |    21 ||    21
Block: Other             |       |       |    63 |   160 ||   223
